woodfighter, neutral female human Healer ----------- ---------------- -------- ###..........| |...*..........| |......-###### # |.........| |..............| #.......| #+ ### |.........| |.............+| ###|.>....| # # |..<......| ---------.------ # -------- ####### ### ------|---- # ### # # # # # # ##### ######I### # # ##% I # #I# -----|------# |..........|# |..........|# |..........|# |...........# ------------ woodfighter the Empiric Experience level: 4 Strength: 9 Dexterity: 10 Constitution: 16 Intelligence: 9 Wisdom: 16 Charisma: 17 Health: 0(34) Energy: 28(28) Def: 5 Gold: 2889 Moves: 3151 Dungeon seed: ZwHFtRNNruqVZR7_ Game ID: woodfighter_1506697058 Your Inventory: Coins $ - 2889 gold pieces Weapons a - a +0 scalpel (weapon in hand) Armor e - an uncursed +1 pair of leather gloves (being worn) n - an uncursed +0 leather armor (being worn) q - an uncursed +0 dwarvish cloak r - a cursed -1 pair of high boots (being worn) Z - a cursed +0 cloak of magic resistance Comestibles d - a cursed carrot f - 2 cursed cram rations h - 3 cursed food rations k - 4 blessed eucalyptus leaves l - a blessed sprig of wolfsbane o - an uncursed apple w - 2 uncursed tripe rations Scrolls m - a cursed scroll of light s - an uncursed scroll of fire t - 2 cursed scrolls of identify u - 2 uncursed scrolls of light v - a blessed scroll of create monster x - a cursed scroll of water C - an uncursed scroll of enchant weapon D - an uncursed scroll of identify F - an uncursed scroll of create monster G - a cursed scroll of teleportation M - an uncursed scroll of confuse monster N - an uncursed scroll of scare monster O - a cursed scroll of taming T - a cursed scroll of enchant weapon W - 2 cursed scrolls of blank paper Spellbooks c - a cursed spellbook of force bolt i - a cursed spellbook of detect monsters Potions z - a cursed potion of hallucination A - 2 uncursed potions of hallucination H - an uncursed potion of enlightenment U - a cursed potion of gain level V - a cursed potion of restore ability X - a cursed potion of see invisible Rings B - an uncursed ring of teleport control E - an uncursed ring of invisibility Wands g - a wand of sleep (0:7) p - a wand of undead turning (0:4) P - a cursed wand of enlightenment (0:11) Q - a cursed wand of cold (0:6) S - a cursed wand of enlightenment (0:13) Y - a cursed wand of nothing (0:5) Tools b - an uncursed stethoscope j - a +0 pick-axe y - an uncursed skeleton key I - an uncursed blindfold J - an uncursed oil lamp (0:1241) K - an uncursed leash L - an uncursed tallow candle (0:200) R - 7 cursed tallow candles (0:200) Spells and supernatural/magical abilities: Name Level Category Fail Memory h - healing 1 healing 8% 85% x - extra healing 3 healing 35% 85% S - stone to flesh 3 healing 48% 85% W - pray for help -- divine ? -- Your skills at the end: Miscellaneous Skills wands [Basic] Weapon Skills knife [Basic] Spellcasting Skills healing spells [Basic] Final Attributes: You were devoutly aligned. You were poison resistant. You were blinded. You are dead. Vanquished creatures: a dog a yellow light a baby crocodile a pony an elf zombie a dwarf 3 iguanas a rabid rat a jitterbug a giant bat a wererat a hobbit a gnome zombie 6 jackals 2 kobolds 4 newts a goblin 6 sewer rats 6 grid bugs 3 lichens 43 creatures vanquished. Voluntary challenges: You did not adorn yourself with jewelry or accessories. You did not cause conflict. You were not invisible. You did not have reflection. You were not displaced. You used a wielded weapon 102 times, starting on turn 39. You did not apply a unicorn horn. You did not use plumbed fixtures. You did not drink any magical draughts. You were illiterate. You never genocided any monsters. You never polymorphed an object. You never changed form. You used no wishes. You never split a pudding. You never wrote Elbereth's name. You never violated your personal moral code. Dungeon overview: The Dungeons of Doom: levels 1 to 8 Level 1 some fountains a long staircase Level 2 a general store, a fountain Level 3 a hardware shop, some fountains, a sink stairs to The Gnomish Mines Level 4 an armor shop, a fountain Level 5 Level 6 a fountain Level 7 many fountains Level 8 <- You were here The Gnomish Mines: Level 4 stairs to The Dungeons of Doom History has recorded: On T:1 you entered the Dungeons of Doom to retrieve the Amulet of Yendor! On T:163 you reached level 2 of The Dungeons of Doom. On T:588 you reached level 3 of The Dungeons of Doom. On T:658 you advanced to experience level 2. On T:949 you reached level 1 of The Gnomish Mines. On T:1035 you advanced to experience level 3. On T:1065 you reached level 4 of The Dungeons of Doom. On T:1257 you reached level 5 of The Dungeons of Doom. On T:1594 you prayed to Hermes. On T:1779 you reached level 6 of The Dungeons of Doom. On T:2166 you reached level 7 of The Dungeons of Doom. On T:2389 you prayed to Hermes. On T:2434 you advanced to experience level 4. On T:2698 you reached level 8 of The Dungeons of Doom. Score breakdown: Gold: 1742 ( 174 points) Experience: 4 levels ( 300 points) Exploration: 8 levels ( 210 points) Discoveries: 32 items ( 1600 points) Variety of kills: 20 monsters ( 1000 points) Major goal: (nothing yet) ( 0 points) Survival: died (score multiplied by 3) Total score: 9852 Latest messages: You hear some noises. You kill it! You hear some noises in the distance. You attack thin air. You can't see where you're going! You sense a monster nearby! There's still a monster there. (3x) You sense a monster nearby! There's still a monster there. Use the 'moveonly' command to move into a remembered wall. There's still a monster there. (5x) You hear some noises. There's still a monster there. (4x) You hear someone counting money. There's still a monster there. (9x) You hear some noises. There's still a monster there. (9x) You sense a monster nearby! Something punches you! You hear some noises. There's still a monster there. (2x) Something punches you! There's still a monster there. Something punches you! There's still a monster there. (2x) Something punches you! You die... Final status: Goodbye woodfighter the Healer, killed by a kobold lord... You died in The Dungeons of Doom on dungeon level 8 with 9852 points, and 2889 pieces of gold, after 3151 moves. You were level 4 with a maximum of 34 hit points when you died.